 Dungeon Crawl Stone Soup version 0.23-b1-58-ge3fafae (webtiles) character file.

Game seed: 1017650690941988900

1094 HEYYEYAAE the Quickloader (level 8, -1/50 HPs)
             Began as an Octopode Hunter on Feb 5, 2019.
             Was a Believer of Okawaru.
             Slain by a centaur (6 damage)
             ... on level 6 of the Dungeon.
             The game lasted 00:07:04 (5998 turns).

HEYYEYAAE the Quickloader (Octopode Hunter)         Turns: 5998, Time: 00:07:05

Health: -1/50      AC:  1    Str: 11    XL:     8   Next: 31%
Magic:  8/8        EV: 13    Int: 14    God:    Okawaru [**....]
Gold:   373        SH:  0    Dex: 14    Spells: 7/7 levels left

rFire    . . .     SeeInvis .   k - +1 whip (drain)
rCold    . . .     Gourm    .   (no shield)
rNeg     . . .     Faith    .   (helmet restricted)
rPois    +         Spirit   .   i - amulet of the acrobat
rElec    .         Reflect  .   (no ring)
rCorr    .         Harm     .   s - ring of poison resistance
MR       .....                  (no ring)
Stlth    +++.......             (no ring)
HPRegen  0.16/turn              (no ring)
MPRegen  0.11/turn              (no ring)
                                (no ring)
                                (no ring)

@: drained
A: almost no armour, stealthy swim, amphibious, 8 rings, constrict 8, camouflage
1, gelatinous body 1
a: Heroism, Renounce Religion


You were on level 6 of the Dungeon.
You worshipped Okawaru.
Okawaru was pleased with you.
You were not hungry.

You visited 1 branch of the dungeon, and saw 6 of its levels.
You also visited: Sewer.

You collected 373 gold pieces.

Inventory:

Hand Weapons
 a - a +1 hand crossbow
 k - a +1 whip of draining (weapon)
 p - the +2 mace "Werph" {freeze, Int+7 Stlth+}
   (You took it off an orc on level 3 of the Dungeon)

   It has been specially enchanted to freeze those struck by it, causing extra
   injury to most foes and up to half again as much damage against particularly
   susceptible opponents.
   It can also slow down cold-blooded creatures.
   It affects your intelligence (+7).
   It makes you more stealthy.
Missiles
 c - 39 bolts
Jewellery
 f - an uncursed ring of protection from cold {unknown}
 i - an amulet of the acrobat (around mantle)
 s - a ring of poison resistance (right tentacle)
Wands
 t - a wand of iceblast (2)
Scrolls
 b - a scroll of random uselessness {unknown}
 e - 2 scrolls of remove curse
 h - 8 scrolls of teleportation
 j - a scroll of fear
 l - a scroll of immolation
 o - 2 scrolls of enchant armour
Potions
 g - a potion of flight {unknown}
 m - a potion of lignification
Comestibles
 d - 5 rations


   Skills:
 - Level 2.0(1.2) Fighting
 * Level 10.3(9.4) Crossbows
 - Level 2.0(1.2) Dodging
 - Level 1.3(0.6) Stealth


You had 7 spell levels left.
You didn't know any spells.
Your spell library was empty.

Dungeon Overview and Level Annotations

Branches:
Dungeon (6/15)             Temple (0/1) D:4

Altars:
Cheibriados
Gozag
Kikubaaqudgha
Nemelex Xobeh
Okawaru
Ru
Sif Muna
Yredelemnul
The Shining One
Beogh

Shops:
D:4 (

Annotations:
D:2 Robin


Innate Abilities, Weirdness & Mutations

You cannot wear most types of armour.
You are very stealthy in the water. (Stealth+)
You are amphibious.
You can wear up to eight rings at the same time.
You can use your tentacles to constrict eight enemies at once.
Your skin changes colour to match your surroundings (Stealth+).
Your rubbery body absorbs attacks. (AC +1, EV +1)


Message History

You sense an unholy aura.
k - a +1 whip of draining (weapon)
All of the chunks of flesh in your inventory have rotted away.
You hit the centaur.
The centaur is moderately wounded.
The centaur hits you!
* * * LOW HITPOINT WARNING * * *
The centaur misses you.
You hit the centaur.
The centaur is moderately wounded.
The centaur hits you.
* * * LOW HITPOINT WARNING * * *
The centaur hits you.
* * * LOW HITPOINT WARNING * * *
You completely miss the centaur. You squeeze the centaur.
The centaur is heavily wounded.
The centaur hits you!
* * * LOW HITPOINT WARNING * * *
The centaur hits you.
You die...

....).# #...............#
.....#####..............# ......
.....##.#..(............##......
.....##....#(..##..............
...........#...#..........((.[
.##...####.###..##.>........#
......#(#..###..##....#.....##
.#.....[....###c(.(..(#..>...#
##....##[....)..@.(....†)....##.
.#(..##....)......((((.(†.......
###.###............##.#.).......
# #.#.............##..###.......
#####..........##.... .......
#...........(..... .##....
##......<........#### ..##
#...#............ ...
#................ ..


You could see a centaur.

Vanquished Creatures
  A sky beast (D:5)
  An orc warrior (D:6)
  2 centaurs (D:5)
  A crocodile (Sewer)
  A bullfrog (D:6)
  The ghost of HEYYEYAAE the Bolt Thrower, a weakling OpHu (D:3)
  2 crimson imps (D:5)
  A bullfrog skeleton (D:5)
  An orc wizard (D:6)
  2 orc priests
  A centaur skeleton (D:4)
  An iguana (D:5)
  3 worker ants
  3 gnolls (D:5)
  6 adders
  2 shadow imps
  An ooze (D:4)
  2 dart slugs
  3 worms
  9 leopard geckos
  25 orcs
  2 ball pythons
  18 bats
  2 giant cockroaches (D:5)
  11 goblins
  8 hobgoblins
  10 jackals
  3 kobolds
  A quokka (D:4)
  A ball python skeleton (D:5)
  3 frilled lizards
  A leopard gecko zombie (D:6)
  2 quokka skeletons
  6 rats
137 creatures vanquished.

Notes
Turn   | Place    | Note
-------+----------+-------------------------------------------
     0 | D:1      | HEYYEYAAE the Octopode Hunter began the quest for the Orb.
     0 | D:1      | Reached XP level 1. HP: 14/14 MP: 1/1
    72 | D:1      | Reached XP level 2. HP: 19/19 MP: 2/2
   262 | D:1      | Reached XP level 3. HP: 18/24 MP: 3/3
   267 | D:1      | Reached skill level 5 in Crossbows
  1075 | D:2      | Noticed Robin
  1373 | D:2      | Reached XP level 4. HP: 27/29 MP: 4/4
  1433 | D:2      | Found a sacrificial altar of Ru.
  1433 | D:2      | Found a deep blue altar of Sif Muna.
  1439 | D:2      | Found an ancient bone altar of Kikubaaqudgha.
  1441 | D:2      | Found an opulent altar of Gozag.
  1443 | D:2      | Found a sparkling altar of Nemelex Xobeh.
  2120 | D:2      | Reached skill level 6 in Crossbows
  2120 | D:2      | Reached XP level 5. HP: 14/34 MP: 1/5
  2683 | D:3      | Found a runed translucent gate.
  2683 | D:3      | Noticed HEYYEYAAE's ghost (weakling OpHu)
  2684 | D:3      | Found a runed translucent gate.
  2684 | D:3      | Identified the cursed +2 mace "Werph" {freeze, Int+7
                  | Stlth+}
  2684 | D:3      | Identified the +8 scale mail of the Modern Places {rF+
                  | Str-3 Int+2 Slay+2}
  2685 | D:3      | Found a runed translucent gate.
  2691 | D:3      | Found a roughly hewn altar of Beogh.
  2830 | D:3      | Killed HEYYEYAAE's ghost
  2830 | D:3      | Reached skill level 7 in Crossbows
  2830 | D:3      | Reached XP level 6. HP: 10/39 MP: 6/6
  3251 | D:4      | Found an iron altar of Okawaru.
  3292 | D:4      | Became a worshipper of Warmaster Okawaru
  3317 | D:4      | Found Dezaer's Weapon Shop.
  3689 | D:4      | Found a staircase to the Ecumenical Temple.
  3787 | D:5      | Entered Level 5 of the Dungeon
  3787 | D:5      | Noticed a sky beast
  3850 | D:5      | Found a glowing golden altar of the Shining One.
  3851 | D:5      | Noticed an angel
  4088 | D:5      | Reached skill level 8 in Crossbows
  4095 | D:5      | Reached XP level 7. HP: 19/45 MP: 7/7
  4201 | D:5      | Found a snail-covered altar of Cheibriados.
  4281 | D:5      | Found a glowing drain.
  4291 | Sewer    | Entered a sewer
  4575 | Sewer    | HP: 1/45 [crocodile (8)]
  4591 | Sewer    | Reached * piety under Okawaru
  4944 | D:5      | You fall through a shaft!
  5193 | D:5      | Reached skill level 9 in Crossbows
  5374 | D:5      | Reached ** piety under Okawaru
  5374 | D:5      | Reached XP level 8. HP: 15/50 MP: 8/8
  5699 | D:5      | Found a basalt altar of Yredelemnul.
  5701 | D:5      | Noticed a profane servitor
  5772 | D:6      | Reached skill level 10 in Crossbows
  5998 | D:6      | Slain by a centaur

Skill      XL: |  1  2  3  4  5  6  7  8 |
---------------+-------------------------+-----
Crossbows      | 5 6 7 8 9 10 | 10.3
Fighting       | |  2.0
Dodging        | |  2.0
Stealth        | |  1.3

Action                   |  1- 3 |  4- 6 |  7- 9 || total
-------------------------+-------+-------+-------++-------
Melee: Mace              |     8 |   143 |    72 ||   223
       Tentacles         |     6 |    22 |    17 ||    45
       Constrict         |     4 |    28 |    20 ||    52
       Whip              |       |       |    23 ||    23
 Fire: Hand crossbow     |    85 |       |    12 ||    97
Evoke: Wand              |       |       |     4 ||     4
  Use: Potion            |       |     6 |     4 ||    10
       Scroll            |       |     1 |     9 ||    10
 Stab: Sleeping          |     1 |     9 |     6 ||    16
  Eat: Chunk             |     1 |     8 |     7 ||    16
Armor: Skin              |     5 |    36 |     6 ||    47
Dodge: Dodged            |    23 |    99 |    72 ||   194
